 Dungeon Crawl Stone Soup version 0.27-a0-767-g00efbec225 (webtiles) character file.

Game seed: 772746739825132351

9 Ijustatesigmund the Skirmisher (level 2, 14/24 HPs)
             Began as a Demonspawn Fighter on Mar 25, 2021.
             Quit the game on level 1 of the Dungeon.
             The game lasted 00:00:45 (255 turns).

Ijustatesigmund the Skirmisher (Demonspawn Fighter)  Turns: 255, Time: 00:00:46

Health: 14/24      AC:  6    Str: 22    XL:     2   Next: 3%
Magic:  2/2        EV:  7    Int:  9    God:
Gold:   24         SH:  9    Dex: 12    Spells: 1/1 levels left

rFire    . . .     SeeInvis .   a - +0 war axe
rCold    . . .     Faith    .   c - +0 kite shield
rNeg     . . .     Spirit   .   b - +0 scale mail
rPois    .         Reflect  .   (no helmet)
rElec    .         Harm     .   (no cloak)
rCorr    .         Rampage  .   (no gloves)
Will     .....                  (no boots)
Stlth    ..........             (no amulet)
HPRegen  0.08/turn              e - +6 ring of strength
MPRegen  0.16/turn              f - ring of wizardry

@: no status effects
A: magic regeneration
a: no special abilities


You were on level 1 of the Dungeon.
You visited 1 branch of the dungeon, and saw 1 of its levels.

You collected 24 gold pieces.

Inventory:

Hand Weapons
 a - a +0 war axe (weapon)
Armour
 b - a +0 scale mail (worn)
 c - a +0 kite shield (worn)
Jewellery
 e - a +6 ring of strength (right hand)
 f - a ring of wizardry (left hand)
Potions
 d - a potion of might


   Skills:
 + Level 3.1 Fighting
 * Level 2.2 Axes
 - Level 2.6 Armour
 + Level 0.5 Dodging
 - Level 2.6 Shields


You had one spell level left.
You didn't know any spells.
Your spell library contained the following spells:

 Spells                   Type           Power      Damage    Failure   Level
 Confusing Touch          Hex            0%         N/A       99%         3
 Gell's Gravitas          Tloc           0%         N/A       99%         3
 Petrify                  Tmut/Erth      0%         N/A       100%        4
 Metabolic Englaciation   Hex/Ice        0%         N/A       100%        5
 Yara's Violent Unravell  Hex/Tmut       0%         3d3       100%        5


Dungeon Overview and Level Annotations

Branches:
Dungeon (1/15)

Altars:


Innate Abilities, Weirdness & Mutations

You regenerate magic rapidly.


Message History

No target in view!
No target in view!
No target in view!
No target in view!
No target in view!
Things that are here:
a +0 dagger; a stone
f - a ring of wizardry
f - a ring of wizardry (left hand)
Found a stone staircase leading down.
Found a stone staircase leading down.
You pick up a book of Misfortune and begin reading...
You add the spells Confusing Touch, Gell's Gravitas, Petrify, Metabolic Englaciation and Yara's Violent Unravelling to your library.
Found 19 stones.
You see here 19 stones.
A kobold comes into view. It is wielding a +1 dagger of freezing.
You closely miss the kobold.
The kobold hits you with a +1 dagger of freezing.
The kobold freezes you.
The kobold hits you with a +1 dagger of freezing.
The kobold freezes you.
You barely miss the kobold. You block the kobold's attack.
The kobold hits you but does no damage.
You barely miss the kobold. You block the kobold's attack.
You miss the kobold. You block the kobold's attack.
The kobold hits you with a +1 dagger of freezing.
The kobold freezes you.
You closely miss the kobold. The kobold completely misses you.
The kobold hits you but does no damage.
You barely miss the kobold. The kobold barely misses you.
A kobold is nearby!
Your shield and scale mail prevent you from hitting the kobold.
The kobold hits you but does no damage. x2
You slash the kobold!
You kill the kobold!
You have reached level 2!
Your demonic ancestry asserts itself...
Your magic begins to regenerate rapidly.
Unknown command.
Are you sure you want to abandon this character and quit the game? (Confirm with "yes".)

###################....####...##.
.................#...
######...#########.##
............# #.#. .######...#.#
#.#. ###.#......>.#.# #.#.
........#.##.#.######.#.
###.#.#.#....#......#.#. #
#@#.#..######.#.#. #)#.#..#
#.#.#. #.#....# #.#.#. #.###.##
#.#.# #.# #.#.# #.# #.#.# #.#
#.#.## #.# #..... .#########.##


There were no monsters in sight!

Vanquished Creatures
  A ball python (D:1)
  A giant cockroach (D:1)
  A goblin (D:1)
  2 jackals (D:1)
  2 kobolds (D:1)
7 creatures vanquished.

Notes
Turn   | Place    | Note
-------+----------+-------------------------------------------
     0 | D:1      | Ijustatesigmund the Demonspawn Fighter began the quest for
                  | the Orb.
     0 | D:1      | Reached XP level 1. HP: 18/18 MP: 1/1
   255 | D:1      | Gained mutation: You regenerate magic rapidly. [demonic
                  | ancestry]
   255 | D:1      | Reached XP level 2. HP: 14/24 MP: 2/2
   255 | D:1      | Quit the game

Illustrated notes

Levels and vault maps discovered:
D:1:      erik_arrival_cave_to_civilisation [erik_arrival_cave_to_hall],
          layout_basic, serial_shops, shop, hex_large,
          minmay_misc_feat_nine_boxes

Skill      XL: |  1 |
---------------+----+-----
Axes           | 2 |  2.2
Fighting       | |  3.1
Armour         | |  2.6
Dodging        | |  0.5
Shields        | |  2.6

Action                   || total
-------------------------++-------
Melee: War axe           ||    22
Armor: Scale mail        ||    15
Dodge: Dodged            ||     7
Block: Kite shield       ||    12

Table legend: (Time is in decaauts)
 A = Elapsed time spent in this place.
 B = Non-inter-level travel time spent in this place.
 C = Inter-level travel time spent in this place.
 D = Time resting spent in this place.
 E = Time spent auto-exploring this place.
 F = Levels seen in this place.
 G = Mean time per level.
                   A        B        C        D        E       F      G
               +--------+--------+--------+--------+--------+-----+--------+
         Total |    268 |    268 |      0 |      0 |    209 |   1 |  268.0 |
       Dungeon |    268 |    268 |      0 |      0 |    209 |   1 |  268.0 |
               +--------+--------+--------+--------+--------+-----+--------+

Top non-repeatable levels by time:
     D:1: 268 daAuts
